AoeStats
← 文風

Lombardia

509895542Analyzed
3v3 RM · 3d ago on Sep 28, 2026· 47m 12s· 6 players
Game mode
Random Map
Map size
Normal (6 player)
Population
200
Speed
Normal
Resources
Standard
Victory
Conquest
Starting age
Dark Age
Ending age
Imperial Age
RankedLock teamsTeams togetherTeam positionsShared explorationLock speedFull tech treeHidden civsTurbo modeCheats
Victory
Defeat
🇧🇷 Khmer · Brazil
1485
+16
🇦🇷 Varangians · Argentina
1404
+19
🇫🇷 Japanese · France
1368
+22
🇭🇰 Huns · Hong Kong SAR China
1506
-20
🇭🇰 Goths · Hong Kong SAR China
1488
-19
🇭🇰 Italians · Hong Kong SAR China
1451
-18
SP
7:05 Loom
9:09 Feudal Age
10:26 Double-Bit Axe
10:40 Horse Collar
21:18 Castle Age
19:57 Bloodlines
20:25 Scale Barding Armor
20:53 Forging
22:30 Bow Saw
22:59 Heavy Plow
23:34 Husbandry
25:36 Wheelbarrow
26:25 Fervor
26:28 Fletching
28:10 Hand Cart
28:09 Gold Mining
28:11 Stone Mining
30:36 Treadmill Crane
30:57 Bodkin Arrow
33:54 Imperial Age
32:18 Chain Barding Armor
32:35 Iron Casting
32:42 Fortified Wall
35:03 Caravan
35:35 Conscription
35:18 Bracer
36:20 Blast Furnace
35:56 Plate Barding Armor
36:50 Chemistry
35:17 Elite Jarl
37:33 Masonry
37:44 Ballistics
37:25 Bracer
38:46 Guilds
39:14 Town Watch
39:36 Siege Engineers
40:02 Architecture
39:28 Murder Holes
41:04 Coinage
44:43 Banking
45:07 Crop Rotation
45:39 Two-Man Saw
44:45 Light Cavalry
46:06 Hussar
Beerial
9:31 Loom
11:16 Feudal Age
12:51 Double-Bit Axe
15:26 Castle Age
13:31 Horse Collar
14:51 Fletching
16:12 Heavy Plow
16:25 Bow Saw
20:26 Heavy Plow
22:49 Wheelbarrow
22:57 Gold Mining
23:23 Stone Mining
24:02 Hand Cart
24:18 Bodkin Arrow
24:33 Town Watch
26:50 Squires
26:53 Scale Mail Armor
26:55 Padded Archer Armor
27:06 Forging
30:57 Imperial Age
28:19 Treadmill Crane
28:49 Masonry
29:21 Chain Mail Armor
29:41 Iron Casting
29:13 Crossbowman
30:20 Ballistics
30:18 Thumb Ring
30:31 Arson
31:46 Gold Shaft Mining
31:10 Elite Samurai
32:13 Conscription
32:25 Plate Mail Armor
32:56 Blast Furnace
33:37 Yasama
33:59 Kataparuto
33:48 Bracer
34:53 Chemistry
36:06 Two-Man Saw
34:53 Arbalester
36:01 Leather Archer Armor
36:25 Caravan
37:02 Fortified Wall
38:36 Ring Archer Armor
39:24 Siege Engineers
41:54 Hoardings
43:56 Hoardings
Perseu
5:57 Loom
9:00 Feudal Age
9:41 Double-Bit Axe
15:54 Forging
20:03 Castle Age
18:33 Gold Mining
21:02 Bow Saw
23:50 Scale Barding Armor
24:46 Horse Collar
25:43 Wheelbarrow
32:15 Imperial Age
30:29 Hand Cart
30:28 Stone Mining
31:55 Gold Shaft Mining
32:02 Stone Shaft Mining
32:09 Town Watch
33:33 Conscription
33:16 Heavy Plow
34:05 Chain Barding Armor
34:47 Husbandry
36:19 Ballistics
37:31 Chemistry
38:24 Plate Barding Armor
38:38 Double Crossbow
40:04 Bloodlines
40:14 Elite Ballista Elephant
45:58 Caravan
文風
11:18 Feudal Age
12:11 Double-Bit Axe
15:04 Castle Age
13:38 Horse Collar
16:08 Bow Saw
16:41 Heavy Plow
17:24 Loom
23:39 Wheelbarrow
23:03 Stone Mining
24:15 Gold Mining
27:30 Anarchy
27:12 Pikeman
27:52 Squires
36:15 Imperial Age
33:29 Man-at-Arms
34:32 Long Swordsman
35:30 Scale Mail Armor
35:41 Forging
36:26 Two-Handed Swordsman
37:06 Champion
39:35 Chain Mail Armor
39:55 Iron Casting
LinG寶寶
13:00 Feudal Age
15:05 Double-Bit Axe
17:32 Castle Age
15:51 Horse Collar
18:47 Bow Saw
19:30 Loom
24:54 Wheelbarrow
25:57 Gold Mining
26:36 Scale Barding Armor
26:44 Bloodlines
27:37 Chain Barding Armor
27:56 Forging
27:56 Husbandry
29:01 Gold Shaft Mining
29:17 Hand Cart
30:25 Stone Mining
33:40 Imperial Age
31:29 Heavy Plow
31:45 Masonry
31:31 Murder Holes
32:03 Town Watch
32:15 Fletching
32:25 Padded Archer Armor
31:54 Light Cavalry
33:33 Iron Casting
32:54 Bodkin Arrow
33:28 Caravan
34:01 Leather Archer Armor
34:13 Thumb Ring
34:01 Heavy Cavalry Archer
35:08 Parthian Tactics
36:13 Chemistry
35:37 Bracer
36:52 Two-Man Saw
36:59 Ballistics
37:20 Plate Barding Armor
37:45 Blast Furnace
36:06 Hussar
38:22 Conscription
專業送分員
6:49 Loom
8:55 Feudal Age
9:38 Double-Bit Axe
22:50 Castle Age
24:05 Pikeman
27:45 Wheelbarrow
29:59 Gold Mining
31:48 Hand Cart
33:49 Horse Collar
40:21 Imperial Age
38:37 Scale Mail Armor
38:48 Forging
38:46 Heavy Plow
39:26 Fletching
39:37 Padded Archer Armor
40:42 Bodkin Arrow
41:03 Thumb Ring
41:10 Crossbowman
42:31 Ballistics
43:12 Chemistry
45:33 Conscription
Connection lost

Rejoining the realm…

Still unreachable

The connection could not be restored.

Session expired

The server has moved on; the page needs a fresh start.